 Dungeon Crawl Stone Soup version 0.29.1-15-g9cfb28693d (webtiles) character file.

Game seed: 1215119991591142305

2348 sweetbreads the Geomancer (level 9, -2/52 HPs)
             Began as a Gargoyle Earth Elementalist on Apr 25, 2023.
             Slain by Duvessa
             ... wielding a +0 short sword
              (11 damage)
             ... on level 6 of the Dungeon.
             The game lasted 00:31:03 (8066 turns).

sweetbreads the Geomancer (GrEE)                    Turns: 8066, Time: 00:31:04

Health: -2/52      AC: 15    Str: 12    XL:     9   Next: 43%
Magic:  2/15       EV: 12    Int: 26    God:
Gold:   95         SH:  0    Dex: 10    Spells: 8/16 levels left

rFire   . . .      SeeInvis +   a - +2 mace (protect)
rCold   . . .      Faith    .   (no shield)
rNeg    + . .      Spirit   .   H - +0 steam dragon scales
rPois   ∞          Reflect  .   A - +2 hat
rElec   +          Harm     .   q - +0 cloak
rCorr   .          Rampage  .   (no gloves)
Will    .....                   h - +0 pair of boots
Stlth   ++........              (no amulet)
HPRegen 0.17/turn               r - ring of see invisible
MPRegen 0.14/turn               y - +6 ring of intelligence

@: no status effects
A: sickness immunity, AC +6, negative energy resistance 1, electricity
resistance, torment resistance 1, petrification resistance
a: no special abilities


You were on level 6 of the Dungeon.
You visited 1 branch of the dungeon, and saw 6 of its levels.
You also visited: Sewer.

You collected 401 gold pieces.
You spent 306 gold pieces at shops.

Inventory:

Hand Weapons
 a - a +2 mace of protection (weapon)
 e - a +0 whip
Missiles
 E - 13 poisoned darts
Armour
 h - a +0 pair of boots (worn)
 q - a +0 cloak (worn)
 w - a +0 robe
 A - a +2 hat (worn)
 H - +0 steam dragon scales (worn)
Jewellery
 r - a ring of see invisible (left hand)
 s - an amulet of guardian spirit
 y - a +6 ring of intelligence (right hand)
Wands
 t - a wand of light (17)
Scrolls
 c - 4 scrolls of teleportation {unknown}
 f - 11 scrolls of identify {unknown}
 g - 2 scrolls of noise {unknown}
 i - 3 scrolls of fog {unknown}
 j - 2 scrolls of fear {unknown}
 k - 2 scrolls of vulnerability {unknown}
 u - a scroll of blinking {unknown}
 D - 2 scrolls of enchant armour {unknown}
 F - 2 scrolls of summoning {unknown}
 G - 2 scrolls of enchant weapon {unknown}
Potions
 b - a potion of magic
 d - a potion of might {unknown}
 l - 4 potions of attraction {unknown}
 m - 3 potions of haste
 n - 5 potions of curing {unknown}
 o - 3 potions of heal wounds {unknown}
 p - a potion of degeneration {unknown}
 v - 2 potions of cancellation {unknown}
 x - 2 potions of brilliance {unknown}
 z - a potion of berserk rage {unknown}
 B - a potion of flight {unknown}
 C - a potion of ambrosia {unknown}


   Skills:
 * Level 4.1 Fighting
 * Level 4.0 Dodging
 - Level 4.0 Stealth
 - Level 4.0 Spellcasting
 * Level 4.1 Conjurations
 * Level 3.4 Transmutations
 + Level 9.8 Earth Magic


You had 8 spell levels left.
You knew the following spells:

 Your Spells              Type           Power      Damage    Failure   Level
a - Sandblast             Erth           100%       2d20      1%          1
b - Stone Arrow           Conj/Erth      82%        3d12      1%          3
c - Petrify               Tmut/Erth      39%        N/A       5%          4

Your spell library contained the following spells:

 Spells                   Type           Power      Damage    Failure   Level
 Magic Dart               Conj           100%       1d8       1%          1
 Passwall                 Tmut/Erth      32%        N/A       1%          2
 Dazzling Flash           Conj/Hex       32%        N/A       11%         3
 Call Imp                 Summ           5%         N/A       13%         2
 Mephitic Cloud           Conj/Pois/Air  12%        N/A       14%         3
 Inner Flame              Hex/Fire       5%         N/A       26%         3
 Iskenderun's Mystic Bla  Conj/Tloc      16%        2d5       34%         4
 Cause Fear               Hex            2%         N/A       63%         4
 Starburst                Conj/Fire      8%         6d4       99%         6
 Discord                  Hex            2%         N/A       100%        8


Dungeon Overview and Level Annotations

Branches:
Dungeon (6/15)              Sewer (visited)
 Temple: D:4-7

Altars:
Xom
The Shining One

Shops:
D:1 *:*=*   D:3 *

Annotations:
D:2 1 runed translucent door, Crazy Yiuf
D:6 Duvessa


Innate Abilities, Weirdness & Mutations

You are immune to sickness and miasma.
Your stone body is resilient. (AC +6)
You are immune to poison.
You resist negative energy. (rN+)
You are resistant to electric shocks. (rElec)
You are resistant to unholy torment.
You are immune to petrification.


Message History

Duvessa closely misses you. The shadow imp hits you.
* * * LOW HITPOINT WARNING * * *
Duvessa hits you with a +0 short sword.
* * * LOW HITPOINT WARNING * * *
Unknown command.
Casting: Sandblast (safe; 1% risk of failure)
Confirm with . or Enter, or press ? or * to list all spells.
Aiming: Sandblast (safe; 1% risk of failure)
Press: ? - help, Shift-Dir - straight line, f/p - Duvessa
Aim: Duvessa, wielding a +0 short sword and wearing a +0 ring mail (heavily wounded, berserk, 89% to hit)
The blast of sand hits Duvessa.
Duvessa is severely wounded.
Duvessa closely misses you. The shadow imp gestures at you.
Pain shoots through your body!
* * * LOW HITPOINT WARNING * * *
Duvessa hits you but does no damage.
The shadow imp hits you but does no damage.
Unknown command.
Unknown command.
Casting: Sandblast (safe; 1% risk of failure)
Confirm with . or Enter, or press ? or * to list all spells.
Aiming: Sandblast (safe; 1% risk of failure)
Press: ? - help, Shift-Dir - straight line, f/p - Duvessa
Aim: Duvessa, wielding a +0 short sword and wearing a +0 ring mail (severely wounded, berserk, 89% to hit)
The blast of sand hits Duvessa!
Duvessa is severely wounded.
Duvessa hits you but does no damage. The shadow imp barely misses you.
Duvessa hits you but does no damage.
Unknown command.
Unknown command.
Casting: Sandblast (safe; 1% risk of failure)
Confirm with . or Enter, or press ? or * to list all spells.
Aiming: Sandblast (safe; 1% risk of failure)
Press: ? - help, Shift-Dir - straight line, f/p - Duvessa
Aim: Duvessa, wielding a +0 short sword and wearing a +0 ring mail (severely wounded, berserk, 89% to hit)
The blast of sand hits Duvessa.
Duvessa is almost dead.
Duvessa hits you with a +0 short sword!
You die...

##### #.........###....
#................
####...#............
#...................
#...................
#.........).#.......
#...................
#.....####e5.##.....
#.....##..@.........
#.......##.#...#......
#####.....####.#...).....>.
...~......# #............. .
#~≈≈~~##.# #..<.........####
.##≈~~~≈##.###................
.~~.....~~.##.................
.~~..÷).~~.##................
[~....÷.~~.##................


You could see Duvessa (berserk) and a shadow imp.

Vanquished Creatures
  A two-headed ogre (D:6)
  A steam dragon (D:6)
  Menkaure (D:5)
  A black bear (D:5)
  2 ogres (D:5)
  2 kobold brigands (Sewer)
  A phantom (D:5)
  A necrophage (D:5)
  2 scorpions (D:5)
  Dowan (D:6)
  3 killer bees (D:5)
  A howler monkey (D:5)
  A jelly (D:5)
  An orc priest (D:5)
  A hound (D:5)
  4 iguanas
  An orc wizard (D:5)
  7 gnolls
  5 river rats (Sewer)
  8 adders
  2 shadow imps
  An ufetubus (D:4)
  A worm (D:6)
  5 dart slugs
  11 orcs
  12 ball pythons
  12 bats
  12 endoplasms
  3 giant cockroaches
  5 goblins
  4 hobgoblins
  6 jackals
  7 kobolds
  10 quokkas
  11 frilled lizards
  8 rats
155 creatures vanquished.

Vanquished Creatures (others)
  5 dream sheep (D:3)
  20 plants
  2 toadstools (D:3)
27 creatures vanquished.

Grand Total: 182 creatures vanquished

Notes
Turn   | Place    | Note
-------+----------+-------------------------------------------
     0 | D:1      | sweetbreads the Gargoyle Earth Elementalist began the quest
                  | for the Orb.
     0 | D:1      | Reached XP level 1. HP: 10/10 MP: 3/3
    53 | D:1      | Found Jyobb's Book Shoppe.
    55 | D:1      | Found Keokoixe's General Store.
   242 | D:1      | Found Axyil's Jewellery Boutique.
   316 | D:1      | Reached XP level 2. HP: 16/16 MP: 3/5
   342 | D:1      | Reached skill level 1 in Transmutations
   342 | D:1      | Reached skill level 4 in Earth Magic
   520 | D:1      | Reached skill level 1 in Conjurations
   637 | D:1      | Found Geymov's Assorted Antiques.
   672 | D:2      | Reached XP level 3. HP: 20/20 MP: 3/6
   772 | D:1      | Reached skill level 1 in Fighting
   824 | D:1      | Found Itixel's Assorted Antiques.
  1080 | D:2      | Learned a level 3 spell: Stone Arrow
  1372 | D:2      | Reached XP level 4. HP: 25/25 MP: 3/7
  1573 | D:2      | Reached skill level 5 in Earth Magic
  1967 | D:2      | Found a glowing golden altar of the Shining One.
  2040 | D:2      | Reached XP level 5. HP: 18/29 MP: 4/8
  2260 | D:2      | Found a runed translucent door.
  2261 | D:2      | Noticed Crazy Yiuf
  2562 | D:3      | Found Qamochiu's Assorted Antiques.
  2747 | D:3      | Learned a level 4 spell: Petrify
  3093 | D:3      | Found a faded altar of an unknown god.
  3324 | D:3      | You fall into a shaft and drop 2 floors!
  3324 | D:5      | Entered Level 5 of the Dungeon
  3542 | D:5      | Reached skill level 6 in Earth Magic
  3542 | D:5      | Reached XP level 6. HP: 36/36 MP: 4/9
  3627 | D:5      | Noticed a black bear
  4315 | D:3      | Noticed a dream sheep
  4315 | D:3      | Noticed a dream sheep
  4315 | D:3      | Noticed a dream sheep
  4315 | D:3      | Noticed a dream sheep
  4315 | D:3      | Noticed a dream sheep
  4315 | D:3      | Found a shimmering altar of Xom.
  4316 | D:3      | Killed a dream sheep
  4316 | D:3      | Killed a dream sheep
  4316 | D:3      | Killed a dream sheep
  4316 | D:3      | Killed a dream sheep
  4316 | D:3      | Killed a dream sheep
  4698 | D:5      | Noticed Menkaure
  4704 | D:5      | Killed Menkaure
  4705 | D:5      | Reached skill level 7 in Earth Magic
  4705 | D:5      | Reached XP level 7. HP: 33/40 MP: 6/10
  5404 | D:5      | Reached skill level 8 in Earth Magic
  5404 | D:5      | Reached XP level 8. HP: 46/46 MP: 6/11
  5852 | D:6      | Noticed a two-headed ogre
  5970 | D:6      | Found a glowing drain.
  6008 | Sewer    | Entered a sewer
  6360 | Sewer    | Reached skill level 9 in Earth Magic
  6954 | D:1      | Bought a sedimented puce potion for 23 gold pieces
  6954 | D:1      | Bought a cyan potion for 23 gold pieces
  6954 | D:1      | Bought a scroll labelled KOIZOC AFEATIA for 26 gold pieces
  6954 | D:1      | Bought a scroll labelled COAWAA YVE VOWI for 26 gold pieces
  6954 | D:1      | Bought a scroll labelled KOIZOC AFEATIA for 26 gold pieces
  7007 | D:1      | Bought a scroll labelled WIAKUL YVULIA for 29 gold pieces
  7007 | D:1      | Bought a metallic blue potion for 26 gold pieces
  7075 | D:3      | Bought a scroll labelled GYSCHE RERHI for 26 gold pieces
  7075 | D:3      | Bought a scroll labelled KOIZOC AFEATIA for 26 gold pieces
  7075 | D:3      | Bought a scroll labelled SIHAVV SOGOIFF for 26 gold pieces
  7075 | D:3      | Bought a scroll labelled CIOMAW JUOWKU for 26 gold pieces
  7075 | D:3      | Bought a cyan potion for 23 gold pieces
  7809 | D:6      | Killed a two-headed ogre
  7810 | D:6      | Reached XP level 9. HP: 52/52 MP: 2/15
  7969 | D:6      | Noticed Dowan
  7984 | D:6      | Noticed Duvessa
  7986 | D:6      | Killed Dowan
  8066 | D:6      | Slain by Duvessa

Illustrated notes

Levels and vault maps discovered:
D:1:      sevenhm_arrival_forest_fort_small_5, layout_basic, serial_shops,
          shop_fountains, shop, nicolae_shop_hallway_stairs, shop_statue,
          shop_fountains
D:2:      layout_basic, basic_altar, minmay_lizard_pond, uniq_crazy_yiuf_cottage
D:3:      layout_basic, kb_xom_exploding_sheep, serial_shops, shop,
          basic_ecumenical_altar, serial_park_tiny_2, minmay_gold_behind_fungi,
          guppyfry_early_orc_mine
D:4:      layout_gridville
D:5:      layout_loops_ring, minmay_lizard_king, uniq_menkaure
D:6:      layout_basic, cheibrodos_sewer_entry_sluice, minmay_liquid_box,
          minmay_circle_x, uniq_edmund, uniq_duvessa

Skill      XL: |  1  2  3  4  5  6  7  8 |
---------------+-------------------------+-----
Transmutations | 1 2 3 |  3.4
Earth Magic    | 4 5 6 7 8 9 |  9.8
Conjurations   | 1 2 3 4 |  4.1
Fighting       | 1 2 3 4 |  4.1
Dodging        | 2 4 |  4.0
Stealth        | 3 4 |  4.0
Spellcasting   | 4 |  4.0

Action                   |  1- 3 |  4- 6 |  7- 9 || total
-------------------------+-------+-------+-------++-------
Melee: Whip              |     3 |    12 |       ||    15
       Mace              |       |     2 |    27 ||    29
 Cast: Sandblast         |    51 |    88 |   120 ||   259
       Petrify           |       |       |     9 ||     9
       Stone Arrow       |       |       |     2 ||     2
  Use: Potion            |       |       |     1 ||     1
Armor: Robe              |     5 |    27 |    30 ||    62
       Steam dragon scal |       |       |     5 ||     5
Dodge: Dodged            |     5 |    42 |    40 ||    87
